 Dungeon Crawl Stone Soup version 0.31-a0-358-gac0dbeb3ab (webtiles) character file.

Game seed: 8470067591088481139

56 Maratek the Ducker (level 3, 0/27 HPs)
             Began as a Vampire Gladiator on July 25, 2023.
             Slain by a cerulean imp
             ... wielding a +0 spear
             ... summoned by Natasha
              (4 damage)
             ... on level 2 of the Dungeon.
             The game lasted 00:03:04 (1516 turns).

Maratek the Ducker (Vampire Gladiator)              Turns: 1516, Time: 00:03:05

Health: 0/27       AC:  4    Str: 13    XL:     3   Next: 71%
Magic:  3/3        EV: 13    Int: 12    God:
Gold:   104        SH:  0    Dex: 15    Spells: 2/2 levels left

rFire   . . .        f - staff of fire
rCold   + . .        (no shield)
rNeg    . . .        b - +0 leather armour
rPois   .            c - +0 helmet
rElec   .            (no cloak)
rCorr   .            (no gloves)
SInv    +            (no boots)
Will    .....        (no amulet)
Stlth   +            j - ring of ice
HPRegen 0.44/turn    (no ring)
MPRegen 0.08/turn

%: no passive effects
@: healing quickly
A: alive, fangs 3, see invisible, vampiric 2
a: Exsanguinate


You were on level 2 of the Dungeon.
You visited 1 branch of the dungeon, and saw 2 of its levels.

You collected 104 gold pieces.

Inventory:

Hand Weapons
 a - a +0 rapier
Missiles
 d - 3 throwing nets (quivered)
 e - a javelin
Armour
 b - a +0 leather armour (worn)
 c - a +0 helmet (worn)
Magical Staves
 f - a staff of fire (weapon)
Jewellery
 j - a ring of ice (left hand)
Scrolls
 g - a scroll of vulnerability {unknown}
 k - a scroll of poison {unknown}
 l - a scroll of identify {unknown}
 m - a scroll of teleportation {unknown}
 o - a scroll of fog {unknown}
Potions
 h - a potion of attraction {unknown}
 i - a potion of curing {unknown}
 n - a potion of brilliance {unknown}


   Skills:
 + Level 2.1 Fighting
 + Level 3.6 Short Blades
 + Level 1.1 Staves
 + Level 1.6 Throwing
 + Level 0.3 Armour
 + Level 4.0 Dodging
 + Level 0.2 Stealth


You had 2 spell levels left.
You didn't know any spells.
Your spell library was empty.

Dungeon Overview and Level Annotations

Branches:
Dungeon (2/15)

Altars:

Annotations:
D:2 Natasha


Innate Abilities, Weirdness & Mutations

Your natural rate of healing is accelerated.
You have razor-sharp teeth.
You have supernaturally acute eyesight. (SInv)
You are afflicted with vampirism and can become a bat while bloodless.


Message History

The cerulean imp hits you with a +0 spear.
Natasha howls an incantation.
Natasha's front paws start to glow.
Natasha closely misses you.
You hit Natasha.
Natasha is moderately wounded.
The cerulean imp hits you with a +0 spear.
Natasha casts a spell at you. The magic dart hits you!
You hit Natasha.
Natasha is moderately wounded.
The cerulean imp hits you with a +0 spear.
* * * LOW HITPOINT WARNING * * *
Natasha closely misses you.
You closely miss Natasha.
Natasha is moderately wounded.
The cerulean imp misses you. Natasha closely misses you.
You closely miss Natasha.
Natasha is moderately wounded.
The cerulean imp barely misses you. Natasha claws you.
* * * LOW HITPOINT WARNING * * *
You hit Natasha.
Natasha is heavily wounded.
The cerulean imp hits you but does no damage.
Natasha barely misses you.
The cerulean imp hits you with a +0 spear.
* * * LOW HITPOINT WARNING * * *
You hit Natasha.
Natasha is severely wounded.
Natasha closely misses you.
The cerulean imp hits you with a +0 spear.
* * * LOW HITPOINT WARNING * * *
You hit Natasha but do no damage.
Natasha is severely wounded.
Natasha barely misses you. The cerulean imp barely misses you.
You closely miss Natasha. Your bite misses Natasha.
Natasha is severely wounded.
Natasha casts a spell.
The cerulean imp hits you with a +0 spear.
You die...

###........+
#####......#
#..........#
#.####.....#
#############.####.....#
.........##............#
.........##............#
......5..##....).......#
......h@†##.....##......
.........##.#.#.#####...
.....5...##.#.#...# ...
.........##.#.###.# ...
.........##.#.# #.# ..
............#.# #.# #
.........####.###.#
.........# #.....#
#####.... #######


You could see Natasha and 2 cerulean imps.

Vanquished Creatures
  An adder (D:2)
  3 dart slugs
  2 ball pythons (D:2)
  4 bats
  6 endoplasms
  6 hobgoblins
  3 jackals (D:1)
  5 kobolds
  2 quokkas
  4 frilled lizards
  2 rats (D:1)
38 creatures vanquished.

Notes
Turn   | Place    | Note
-------+----------+-------------------------------------------
     0 | D:1      | Maratek the Vampire Gladiator began the quest for the Orb.
     0 | D:1      | Reached XP level 1. HP: 16/16 MP: 1/1
   241 | D:1      | Reached XP level 2. HP: 22/22 MP: 2/2
   782 | D:1      | Gained mutation: You are afflicted with vampirism and can
                  | become a bat while bloodless. [Vampire growth]
   782 | D:1      | Reached XP level 3. HP: 27/27 MP: 3/3
  1198 | D:2      | Found a faded altar of an unknown god.
  1255 | D:2      | Reached skill level 4 in Dodging
  1312 | D:2      | Reached skill level 1 in Staves
  1497 | D:2      | Noticed Natasha
  1516 | D:2      | Slain by a cerulean imp

Illustrated notes

Levels and vault maps discovered:
D:1:      eino_arrival_druids_welcome, layout_basic,
          chequers_serial_rivers_large_a, minivault_19
D:2:      layout_basic, hellmonk_ecumenical_altar_run_dry, uniq_natasha

Skill      XL: |  1  2  3 |
---------------+----------+-----
Fighting       | 2 |  2.1
Dodging        | 4 |  4.0
Staves         | 1 |  1.1
Short Blades   | |  3.6
Throwing       | |  1.6
Armour         | |  0.3
Stealth        | |  0.2

Action                     || total
---------------------------++-------
  Melee: Staff             ||   147
         Bite              ||    16
         Rapier            ||     2
         Punch             ||     2
 Armour: Leather armour    ||    48
  Dodge: Dodged            ||   119

Table legend: (Time is in decaauts)
 A = Elapsed time spent in this place.
 B = Non-inter-level travel time spent in this place.
 C = Inter-level travel time spent in this place.
 D = Time resting spent in this place.
 E = Time spent auto-exploring this place.
 F = Levels seen in this place.
 G = Mean time per level.
                   A        B        C        D        E       F      G
               +--------+--------+--------+--------+--------+-----+--------+
         Total |   1554 |   1554 |      0 |      0 |   1120 |   2 |  777.0 |
       Dungeon |   1554 |   1554 |      0 |      0 |   1120 |   2 |  777.0 |
               +--------+--------+--------+--------+--------+-----+--------+

Top non-repeatable levels by time:
     D:1: 1207 daAuts
     D:2: 346 daAuts
